 Dungeon Crawl Stone Soup version 0.28-a0-724-g66f9036eb4 (webtiles) character file.

Game seed: 16355560060571540631

56 KoroneIsBestGirl the Ducker (level 3, -1/19 HPs)
             Began as a Spriggan Fighter on Oct 27, 2021.
             Slain by an adder (2 damage)
             ... on level 3 of the Dungeon.
             The game lasted 00:02:49 (3094 turns).

KoroneIsBestGirl the Ducker (Spriggan Fighter)      Turns: 3094, Time: 00:02:49

Health: -1/19      AC:  2    Str: 12    XL:     3   Next: 69%
Magic:  4/4        EV: 18    Int:  9    God:
Gold:   98         SH:  6    Dex: 15    Spells: 2/2 levels left

rFire   . . .      SeeInvis +   a - +0 rapier
rCold   . . .      Faith    .   c - +0 buckler
rNeg    . . .      Spirit   .   b - +0 robe
rPois   .          Reflect  .   (helmet restricted)
rElec   .          Harm     .   (no cloak)
rCorr   .          Rampage  .   (gloves unavailable)
Will    .....                   (boots unavailable)
Stlth   ++........              (no amulet)
HPRegen 0.06/turn               (no ring)
MPRegen 0.09/turn               (no ring)

@: lethally poisoned (-1 -> -6), very quick
A: very small, no large weapons, unfitting armour, see invisible, speed 3
a: no special abilities


You were on level 3 of the Dungeon.
You visited 1 branch of the dungeon, and saw 3 of its levels.

You collected 98 gold pieces.

Inventory:

Hand Weapons
 a - a +0 rapier (weapon)
Armour
 b - a +0 robe (worn)
 c - a +0 buckler (worn)
Jewellery
 f - a ring of ice
 g - a ring of resist corrosion
Scrolls
 e - 3 scrolls of identify {unknown}
Potions
 d - a potion of might
 h - a potion of resistance {unknown}
 i - a potion of lignification {unknown}


   Skills:
 + Level 2.7 Fighting
 + Level 3.4 Short Blades
 + Level 4.5 Dodging
 + Level 0.7 Stealth
 + Level 2.4 Shields


You had 2 spell levels left.
You didn't know any spells.
Your spell library contained the following spells:

 Spells                   Type           Power      Damage    Failure   Level
 Corpse Rot               Necr/Air       0%         N/A       65%         2
 Dispel Undead            Necr           0%         3d6       99%         4
 Death Channel            Necr           0%         N/A       100%        6


Dungeon Overview and Level Annotations

Branches:
Dungeon (3/15)

Altars:
Fedhas
Makhleb
Vehumet

Annotations:
D:2 Sigmund


Innate Abilities, Weirdness & Mutations

You are very small and have problems with some larger weapons.
You are too small for most types of armour.
You have supernaturally acute eyesight. (SInv)
You cover ground extremely quickly. (Speed+++)


Message History

The adder misses you. The ball python barely misses you.
The ball python constricts you. You block the adder's attack.
You hit the ball python.
You kill the ball python!
The adder misses you.
You closely miss the adder. The adder misses you. The adder bites you.
You miss the adder. The adder bites you.
You are too injured to fight recklessly!
You are too injured to fight recklessly!
You are too injured to fight recklessly!
You are too injured to fight recklessly!
You are too injured to fight recklessly!
You are too injured to fight recklessly!
You are too injured to fight recklessly!
You are too injured to fight recklessly!
You are too injured to fight recklessly!
You are too injured to fight recklessly!
You are too injured to fight recklessly!
You are too injured to fight recklessly!
You are too injured to fight recklessly!
You are too injured to fight recklessly!
You are too injured to fight recklessly!
You are too injured to fight recklessly!
You are too injured to fight recklessly!
You miss the adder. The adder closely misses you. The adder barely misses you.
You hit the adder.
The adder is moderately wounded.
The adder bites you.
* * * LOW HITPOINT WARNING * * *
You hit the adder.
The adder is almost dead.
The adder bites you.
* * * LOW HITPOINT WARNING * * *
You are lethally poisoned!
The adder poisons you!
You hit the adder but do no damage.
The adder is almost dead.
* * * LOW HITPOINT WARNING * * *
You feel sick. You block the adder's attack. The adder bites you.
You die...

...#.###.#
.......#.#### ###
...#.#.#.##.. ..#
...#.#.#.##.# #.#
.....#.#.##.#
#.########
...###.#.##.#
#......... ...#
#.#.##.# #.......#
8..###.#.##.###..†....#
................@S....#
....####.##.###.......#
....# #.##.# #.......#
....# #.##.# #.......#
...## #....♣♣♣♣♣♣♣♣♣...
...# ###.♣........ ##
...# #.♣.≈≈≈≈≈≈≈ 8..#
#.♣≈..≈≈≈.. ...#
#.♣≈.≈...≈.


You could see an adder.

Vanquished Creatures
  An adder (D:2)
  3 worms
  3 dart slugs
  A bat (D:3)
  4 endoplasms
  2 giant cockroaches
  3 goblins
  A hobgoblin (D:1)
  6 ball pythons
  3 frilled lizards
  5 rats
32 creatures vanquished.

Notes
Turn   | Place    | Note
-------+----------+-------------------------------------------
     0 | D:1      | KoroneIsBestGirl the Spriggan Fighter began the quest for
                  | the Orb.
     0 | D:1      | Reached XP level 1. HP: 11/11 MP: 2/2
   238 | D:1      | Reached XP level 2. HP: 16/16 MP: 3/3
   476 | D:1      | Found a faded altar of an unknown god.
  1230 | D:2      | Reached XP level 3. HP: 7/19 MP: 4/4
  1482 | D:2      | Found a radiant altar of Vehumet.
  1836 | D:2      | Noticed Sigmund
  1904 | D:3      | Noticed an ice beast
  2939 | D:3      | Found a blossoming altar of Fedhas.
  3002 | D:3      | Found a burning altar of Makhleb.
  3094 | D:3      | Slain by an adder

Illustrated notes

Levels and vault maps discovered:
D:1:      dpeg_arrival_simpleton_c, layout_loops_ring, serial_forest,
          infiniplex_forest_lined_corner, infiniplex_forest_diagonal,
          infiniplex_forest_end_2, infiniplex_forest_clump_diagonal,
          infiniplex_forest_clump_tiny, infiniplex_forest_clump_medium,
          hellmonk_ecumenical_altar_run_dry
D:2:      layout_loops_ring, basic_altar, uniq_sigmund
D:3:      wad_pebble_path, layout_loops_ring, mainiacjoe_overflow_alcove_1,
          mainiacjoe_overflow_paths

Skill      XL: |  1  2  3 |
---------------+----------+-----
Short Blades   | 3 |  3.4
Fighting       | |  2.7
Dodging        | |  4.5
Stealth        | |  0.7
Shields        | |  2.4

Action                   || total
-------------------------++-------
Melee: Rapier            ||   114
 Stab: Sleeping          ||     3
Armor: Robe              ||    10
Dodge: Dodged            ||    68
Block: Buckler           ||    16

Table legend: (Time is in decaauts)
 A = Elapsed time spent in this place.
 B = Non-inter-level travel time spent in this place.
 C = Inter-level travel time spent in this place.
 D = Time resting spent in this place.
 E = Time spent auto-exploring this place.
 F = Levels seen in this place.
 G = Mean time per level.
                   A        B        C        D        E       F      G
               +--------+--------+--------+--------+--------+-----+--------+
         Total |   2457 |   2399 |     58 |    671 |   1486 |   3 |  819.0 |
       Dungeon |   2457 |   2399 |     58 |    671 |   1486 |   3 |  819.0 |
               +--------+--------+--------+--------+--------+-----+--------+

Top non-repeatable levels by time:
     D:3: 1054 daAuts
     D:2: 756 daAuts
     D:1: 646 daAuts
